Islanders vs Whalers

Created - 25 mars 2024 at 17:14

Goals
1 2 3 T
Islanders 0 2 0 2
Whalers 1 1 2 4
Shots
1 2 3 T
Islanders 9 18 7 34
Whalers 15 11 22 48

GoalsPenalties
1st period
1. Whalers , Shane Pinto 14 (Bryan Rust 27, Justin Faulk 15) at 18:20
No Penalty
2nd period
2. Islanders , James van Riemsdyk 15 (Jordan Staal 17) at 2:58
3. Islanders , Brady Skjei 5 (Nick Schmaltz 27, Brock Nelson 26) at 8:19 (PP)
4. Whalers , Timo Meier 27 (Drake Batherson 35) at 14:11
Jacob Middleton (HAR) for Hooking (Minor) at 7:28
Jean-Gabriel Pageau (NYI) for Boarding (Minor) at 10:24
3rd period
5. Whalers , Oskar Sundqvist 13 (Max Pacioretty 18, Justin Faulk 16) at 6:19
6. Whalers , Scott Mayfield 3 (Reilly Smith 31, Ty Dellandrea 13) at 19:59 (Empty Net)
Frank Vatrano (NYI) for Boarding (Minor) at 14:02
Goalie Stats
Scott Wedgewood (NYI), 44 saves from 47 shots - (0,936), L, 5-10-1, 59:30 minutes
Jacob Markstrom (HAR), 32 saves from 34 shots - (0,941), W, 29-15-5, 60:00 minutes
3 StarsOfficial
1 - Scott Mayfield (HAR)
2 - Justin Faulk (HAR)
3 - Timo Meier (HAR)
Referees : Justin St. Pierre and Francis Charron
Linesman : Greg Devorski and Glen Cooke
Game Note
Scott Mayfield has scored in a empty net!
Finance
Level 1 -- Attendance: 3067 (51,12%) -- Ticket Income $460,050
Level 2 -- Attendance: 2000 (40,00%) -- Ticket Income $250,000
Level 3 -- Attendance: 800 (40,00%) -- Ticket Income $96,000
Level 4 -- Attendance: 1600 (40,00%) -- Ticket Income $128,000
Luxury Box -- Attendance: 400 (40,00%) -- Ticket Income $200,000
Game was played at the The Pound.
Total Attendance: 7867 (43,71%)
Total Ticket Income: $1,134,050
Other Income: $555,684
Total Income: $1,689,734



Team Name Goals Shots Shots Attemp Shots Blocked PIM HIT PP PK FO%
Islanders 23456144191 / 1 (100%)061%
Whalers 4488682170 / 2 (0%)139%

Islanders
Player Name POS G A P +/- PIM HIT SHT SB MP PP MP PP SHT PK MP PK SHT FO% FOT GA TA
Alexandre CarrierD000-2010117:260:0000:0000% 001
Brady SkjeiD101-2001218:500:5110:2400% 000
Brent BurnsRW/D0000003122:130:5102:0310% 002
Brock NelsonC/LW011-2023018:180:5100:00065% 2610
Frank VatranoC/LW/RW000-2231018:260:5100:0000% 010
Ian ColeD0000001322:050:0001:3100% 001
James van RiemsdykLW1011013012:550:0000:0000% 010
Jason DickinsonC/LW000-101008:330:0002:24043% 700
Jason ZuckerLW/RW0001031012:550:0000:0000% 030
Jean-Gabriel PageauC/LW/RW000-1214019:090:0000:27071% 2400
Jesper FastLW/RW000-100407:130:0001:0700% 011
Joel EdmundsonD000-1001119:050:0002:0300% 011
Johnny GaudreauLW000-1003018:310:0000:0000% 100
Jordan StaalC/LW0111001014:300:0001:04054% 1300
Morgan BarronC/LW/RW000-103008:260:0002:1700% 000
Nick SchmaltzC/LW/RW011-2004118:330:5110:370100% 112
Rickard RakellLW/RW000-1033218:310:0000:0000% 200
William BorgenD000-1011320:210:0001:5510% 001
Whalers
Player Name POS G A P +/- PIM HIT SHT SB MP PP MP PP SHT PK MP PK SHT FO% FOT GA TA
Bryan RustLW/RW0111015017:511:4610:00033% 311
David SavardD0000020120:070:0000:5100% 000
Drake BathersonC/RW0111005319:532:1200:00027% 2611
Jack McBainC000001208:190:0000:14033% 302
Jacob MiddletonD000-1223122:352:1710:0000% 000
Josh MahuraD0001022014:040:0000:0000% 001
Justin FaulkD0222023022:051:4100:0000% 011
Max PaciorettyLW0110002012:560:0000:0000% 100
Oskar SundqvistC/LW/RW1010005012:560:0000:0000% 110
Pierre-edouard BellemareC/LW/RW0000011113:390:0000:37150% 1200
Reilly SmithLW/RW0112015018:291:4600:1400% 110
Scott MayfieldD1013011123:201:4100:5100% 000
Sean WalkerD0001001017:482:1700:0000% 012
Shane PintoC1011025017:451:4610:00064% 2220
Timo MeierLW/RW1012013020:172:1200:0000% 300
Trevor LewisC/LW/RW000000208:050:0000:0000% 111
Ty DellandreaC/RW011100209:060:0000:3700% 000
Vladimir TarasenkoRW0001011119:532:1200:0000% 100

Islanders

5 vs 5 Forward
Line #Left WingCenterRight WingPHYDFOFWanted %Time %Time Play
1Frank VatranoBrock NelsonNick Schmaltz0233431%16:44
2Johnny GaudreauJean-Gabriel PageauRickard Rakell0233435%19:02
3James van RiemsdykJordan StaalJason Zucker0232624%12:55
4Morgan BarronJason DickinsonJesper Fast023611%6:06
5 vs 5 Defense
Line #DefenseDefensePHYDFOFWanted %Time %Time Play
1Ian ColeBrent Burns1313536%19:44
2Brady SkjeiWilliam Borgen1313331%16:59
3Joel EdmundsonAlexandre Carrier1313231%17:02
4Brady SkjeiBrent Burns12202%1:02
Power Play Forward
Line #Left WingCenterRight WingPHYDFOFWanted %Time %Time Play
1Frank VatranoBrock NelsonNick Schmaltz00550100%0:51
2Johnny GaudreauJean-Gabriel PageauRickard Rakell005500%0:00
Power Play Defense
Line #DefenseDefensePHYDFOFWanted %Time %Time Play
1Brady SkjeiBrent Burns00570100%0:51
2Alexandre CarrierWilliam Borgen005300%0:00
Penalty Kill 4 Players Forward
Line #CenterWingPHYDFOFWanted %Time %Time Play
1Jason DickinsonMorgan Barron0506073%2:54
2Jordan StaalJean-Gabriel Pageau0504027%1:04
Penalty Kill 4 Players Defense
Line #DefenseDefensePHYDFOFWanted %Time %Time Play
1Ian ColeWilliam Borgen1406048%1:55
2Joel EdmundsonBrent Burns1404052%2:03
Penalty Kill 3 Players
Line #WingPHYDFOFWanted %Time %Time PlayDefenseDefensePHYDFOFWanted %Time %Time Play
1Jason Dickinson050600%0:00 Ian ColeWilliam Borgen140600%0:00
2Jean-Gabriel Pageau050400%0:00 Joel EdmundsonBrent Burns140400%0:00
4 vs 4 Forward
Line #CenterWingPHYDFOFWanted %Time %Time Play
1Brock NelsonNick Schmaltz023500%0:00
2Jean-Gabriel PageauRickard Rakell023500%0:00
4 vs 4 Defense
Line #DefensePHYDFOFWanted %Time %Time Play
1Ian ColeBrent Burns131500%0:00
2Brady SkjeiWilliam Borgen131500%0:00
Last Minutes Offensive
Left WingCenterRight WingDefenseDefense
Frank VatranoBrock NelsonNick SchmaltzBrady SkjeiBrent Burns
Last Minutes Defensive
Left WingCenterRight WingDefenseDefense
Jason DickinsonJordan StaalJean-Gabriel PageauIan ColeWilliam Borgen
Time
Total ForwardTotal DefenseLast Minutes OffensiveLast Minutes Defensive
60:00 60:00 0:240:00
Extra Forwards
Normal PowerPlayPenalty Kill
Brock Nelson, Jean-Gabriel Pageau, Jordan StaalJason Zucker, James van RiemsdykJesper Fast
Extra Defensemen
Normal PowerPlayPenalty Kill
Brent Burns, Brady Skjei, Alexandre CarrierJoel Edmundson, Brady SkjeiAlexandre Carrier
Penalty Shots
James van Riemsdyk, Frank Vatrano, Rickard Rakell, Brock Nelson, Nick Schmaltz
Goalie
Scott Wedgewood, Laurent Brossoit
Custom OT Lines Forwards
Brock Nelson, Johnny Gaudreau, Jean-Gabriel Pageau, Nick Schmaltz, Jordan Staal, Rickard Rakell, Jason Dickinson, Frank Vatrano, James van Riemsdyk, Jason Zucker
Custom OT Lines Defensemen
Brent Burns, Brady Skjei, Ian Cole, William Borgen, Alexandre Carrier
Scratches
Tomas Nosek (Healthy), Colin Miller (Healthy)

Whalers

5 vs 5 Forward
Line #Left WingCenterRight WingPHYDFOFWanted %Time %Time Play
1Timo MeierDrake BathersonVladimir Tarasenko0233632%17:41
2Reilly SmithShane PintoBryan Rust0233429%16:05
3Max PaciorettyPierre-edouard BellemareOskar Sundqvist0232224%12:56
4Trevor LewisJack McBainTy Dellandrea023815%8:05
5 vs 5 Defense
Line #DefenseDefensePHYDFOFWanted %Time %Time Play
1Justin FaulkScott Mayfield0323737%20:24
2Jacob MiddletonDavid Savard0323737%20:25
3Sean WalkerJosh Mahura0322625%13:58
4Justin FaulkSean Walker12200%0:00
Power Play Forward
Line #Left WingCenterRight WingPHYDFOFWanted %Time %Time Play
1Timo MeierDrake BathersonVladimir Tarasenko0055055%2:12
2Reilly SmithShane PintoBryan Rust0055045%1:46
Power Play Defense
Line #DefenseDefensePHYDFOFWanted %Time %Time Play
1Justin FaulkScott Mayfield0325042%1:41
2Jacob MiddletonSean Walker0325058%2:17
Penalty Kill 4 Players Forward
Line #CenterWingPHYDFOFWanted %Time %Time Play
1Pierre-edouard BellemareTy Dellandrea0415073%0:37
2Jack McBainReilly Smith0415027%0:14
Penalty Kill 4 Players Defense
Line #DefenseDefensePHYDFOFWanted %Time %Time Play
1David SavardJacob Middleton05050100%0:51
2Scott MayfieldJosh Mahura050500%0:00
Penalty Kill 3 Players
Line #WingPHYDFOFWanted %Time %Time PlayDefenseDefensePHYDFOFWanted %Time %Time Play
1Pierre-edouard Bellemare050500%0:00 Sean WalkerJacob Middleton050500%0:00
2Jack McBain050500%0:00 Scott MayfieldJosh Mahura050500%0:00
4 vs 4 Forward
Line #CenterWingPHYDFOFWanted %Time %Time Play
1Drake BathersonTimo Meier023500%0:00
2Oskar SundqvistReilly Smith023500%0:00
4 vs 4 Defense
Line #DefensePHYDFOFWanted %Time %Time Play
1Josh MahuraDavid Savard032600%0:00
2Jacob MiddletonSean Walker032400%0:00
Last Minutes Offensive
Left WingCenterRight WingDefenseDefense
Timo MeierDrake BathersonVladimir TarasenkoJustin FaulkScott Mayfield
Last Minutes Defensive
Left WingCenterRight WingDefenseDefense
Reilly SmithPierre-edouard BellemareTy DellandreaSean WalkerScott Mayfield
Time
Total ForwardTotal DefenseLast Minutes OffensiveLast Minutes Defensive
60:00 60:00 0:000:24
Extra Forwards
Normal PowerPlayPenalty Kill
Timo Meier, Vladimir Tarasenko, Reilly SmithTy Dellandrea, Jack McBainShane Pinto
Extra Defensemen
Normal PowerPlayPenalty Kill
Justin Faulk, Sean Walker, Jacob MiddletonDavid Savard, Scott MayfieldJosh Mahura
Penalty Shots
Bryan Rust, Drake Batherson, Vladimir Tarasenko, Reilly Smith, Timo Meier
Goalie
Jacob Markstrom, Jake Allen
Custom OT Lines Forwards
Drake Batherson, Timo Meier, Vladimir Tarasenko, Reilly Smith, Bryan Rust, Shane Pinto, Max Pacioretty, Jack McBain, Ty Dellandrea, Oskar Sundqvist
Custom OT Lines Defensemen
Justin Faulk, David Savard, Jacob Middleton, Scott Mayfield, Josh Mahura
Scratches
Zack Kassian (Healthy), Adam Cracknell (Suspend), Kyle Burroughs (Healthy), Riley Nash (Healthy)


Play-by-Play

1st period


0:01 of 1st period - Drake Batherson wins face-off versus Brock Nelson in neutral zone.
0:45 of 1st period - Snap shot by Brock Nelson.
0:45 of 1st period - Stopped by Jacob Markstrom without a rebound.
0:46 of 1st period - Shane Pinto wins face-off versus Jean-Gabriel Pageau in Whalers zone.
4:19 of 1st period - Trevor Lewis is hit by Morgan Barron and loses puck.
4:59 of 1st period - Wrist shot by Vladimir Tarasenko.
4:59 of 1st period - Shot Blocked by William Borgen.
5:01 of 1st period - Wrist shot by Drake Batherson.
5:01 of 1st period - Stopped by Scott Wedgewood with a rebound.
5:24 of 1st period - Snap shot by Oskar Sundqvist.
5:24 of 1st period - Shot Blocked by Ian Cole.
5:31 of 1st period - Icing by Jason Zucker.
5:32 of 1st period - Shane Pinto wins face-off versus Jordan Staal in Islanders zone.
5:37 of 1st period - Wrist shot by Bryan Rust.
5:37 of 1st period - Stopped by Scott Wedgewood without a rebound.
5:38 of 1st period - Jean-Gabriel Pageau wins face-off versus Bryan Rust in Islanders zone.
6:35 of 1st period - Slapshot by Oskar Sundqvist.
6:35 of 1st period - Shot Blocked by Joel Edmundson.
6:37 of 1st period - Slapshot by Jacob Middleton.
6:37 of 1st period - Stopped by Scott Wedgewood with a rebound.
6:39 of 1st period - Slapshot by Max Pacioretty.
6:39 of 1st period - Stopped by Scott Wedgewood with a rebound.
6:41 of 1st period - Snap shot by Jacob Middleton.
6:41 of 1st period - Shot Blocked by Alexandre Carrier.
6:54 of 1st period - Off-side.
6:55 of 1st period - Jack McBain wins face-off versus Rickard Rakell in neutral zone.
6:58 of 1st period - Snap shot by Jack McBain.
6:58 of 1st period - Deflect By Trevor Lewis.
6:58 of 1st period - Shot Misses the Net.
6:58 of 1st period - Puck is out of play.
6:59 of 1st period - Shane Pinto wins face-off versus Rickard Rakell in Islanders zone.
7:36 of 1st period - Slapshot by Vladimir Tarasenko.
7:36 of 1st period - Deflect By Brent Burns.
7:36 of 1st period - Shot Blocked by Nick Schmaltz.
7:36 of 1st period - Puck is out of play.
7:37 of 1st period - Pierre-edouard Bellemare wins face-off versus Johnny Gaudreau in Islanders zone.
7:50 of 1st period - Wrist shot by Max Pacioretty.
7:50 of 1st period - Stopped by Scott Wedgewood with a rebound.
8:12 of 1st period - Snap shot by Timo Meier.
8:12 of 1st period - Stopped by Scott Wedgewood with a rebound.
8:26 of 1st period - Wrist shot by James van Riemsdyk.
8:26 of 1st period - Shot Misses the Net.
8:37 of 1st period - Wrist shot by Jordan Staal.
8:37 of 1st period - Stopped by Jacob Markstrom with a rebound.
9:06 of 1st period - Snap shot by Oskar Sundqvist.
9:06 of 1st period - Shot Blocked by Brady Skjei.
9:08 of 1st period - Wrist shot by Pierre-edouard Bellemare.
9:08 of 1st period - Deflect By Max Pacioretty.
9:08 of 1st period - Deflect By Jean-Gabriel Pageau.
9:08 of 1st period - Shot Misses the Net.
9:08 of 1st period - Puck is out of play.
9:09 of 1st period - Brock Nelson wins face-off versus Drake Batherson in Islanders zone.
9:16 of 1st period - David Savard is hit by Frank Vatrano and loses puck.
9:36 of 1st period - Brent Burns is hit by Shane Pinto and loses puck.
10:05 of 1st period - Slapshot by Jason Zucker.
10:05 of 1st period - Stopped by Jacob Markstrom without a rebound.
10:06 of 1st period - Brock Nelson wins face-off versus Drake Batherson in Whalers zone.
10:21 of 1st period - Wrist shot by Nick Schmaltz.
10:21 of 1st period - Shot Misses the Net.
11:06 of 1st period - Slapshot by Jack McBain.
11:06 of 1st period - Shot Misses the Net.
11:08 of 1st period - Slapshot by Justin Faulk.
11:08 of 1st period - Deflect By Jack McBain.
11:08 of 1st period - Shot Misses the Net.
11:08 of 1st period - Puck is out of play.
11:09 of 1st period - Shane Pinto wins face-off versus Jordan Staal in Islanders zone.
11:43 of 1st period - Slapshot by Drake Batherson.
11:43 of 1st period - Shot Misses the Net.
11:45 of 1st period - Slapshot by Josh Mahura.
11:45 of 1st period - Stopped by Scott Wedgewood with a rebound.
12:05 of 1st period - Snap shot by Jason Dickinson.
12:05 of 1st period - Shot Misses the Net.
12:38 of 1st period - Wrist shot by Ty Dellandrea.
12:38 of 1st period - Stopped by Scott Wedgewood without a rebound.
12:39 of 1st period - Brock Nelson wins face-off versus Jack McBain in Islanders zone.
13:36 of 1st period - Slapshot by Jean-Gabriel Pageau.
13:36 of 1st period - Stopped by Jacob Markstrom with a rebound.
13:40 of 1st period - Snap shot by Jean-Gabriel Pageau.
13:40 of 1st period - Stopped by Jacob Markstrom without a rebound.
13:41 of 1st period - Shane Pinto wins face-off versus Brock Nelson in Whalers zone.
13:50 of 1st period - Snap shot by Brock Nelson.
13:50 of 1st period - Shot Misses the Net.
13:52 of 1st period - Snap shot by Ian Cole.
13:52 of 1st period - Stopped by Jacob Markstrom without a rebound.
13:53 of 1st period - Jean-Gabriel Pageau wins face-off versus Timo Meier in Whalers zone.
14:20 of 1st period - Nick Schmaltz is hit by Scott Mayfield and loses puck.
14:31 of 1st period - Wrist shot by Reilly Smith.
14:31 of 1st period - Stopped by Scott Wedgewood without a rebound.
14:32 of 1st period - Pierre-edouard Bellemare wins face-off versus Jordan Staal in Islanders zone.
14:38 of 1st period - Off-side.
14:39 of 1st period - Pierre-edouard Bellemare wins face-off versus Jordan Staal in neutral zone.
15:26 of 1st period - Slapshot by Brent Burns.
15:26 of 1st period - Stopped by Jacob Markstrom with a rebound.
15:28 of 1st period - Slapshot by Brent Burns.
15:28 of 1st period - Stopped by Jacob Markstrom without a rebound.
15:29 of 1st period - Jason Dickinson wins face-off versus Shane Pinto in Whalers zone.
15:42 of 1st period - Snap shot by Jesper Fast.
15:42 of 1st period - Stopped by Jacob Markstrom with a rebound.
15:54 of 1st period - Brock Nelson is hit by Vladimir Tarasenko and loses puck.
16:23 of 1st period - Snap shot by Oskar Sundqvist.
16:23 of 1st period - Shot Misses the Net.
16:25 of 1st period - Wrist shot by Oskar Sundqvist.
16:25 of 1st period - Stopped by Scott Wedgewood with a rebound.
16:27 of 1st period - Slapshot by Oskar Sundqvist.
16:27 of 1st period - Shot Misses the Net.
16:42 of 1st period - Slapshot by Bryan Rust.
16:42 of 1st period - Shot Misses the Net.
16:44 of 1st period - Snap shot by Reilly Smith.
16:44 of 1st period - Shot Blocked by Ian Cole.
16:46 of 1st period - Snap shot by Bryan Rust.
16:46 of 1st period - Stopped by Scott Wedgewood without a rebound.
16:47 of 1st period - Jean-Gabriel Pageau wins face-off versus Drake Batherson in Islanders zone.
16:52 of 1st period - Drake Batherson is hit by Rickard Rakell and loses puck.
17:20 of 1st period - Backhand shot by Shane Pinto.
17:20 of 1st period - Deflect By Reilly Smith.
17:20 of 1st period - Stopped by Scott Wedgewood without a rebound.
17:21 of 1st period - Brock Nelson wins face-off versus Shane Pinto in Islanders zone.
17:44 of 1st period - Icing by Reilly Smith.
17:45 of 1st period - Jean-Gabriel Pageau wins face-off versus Drake Batherson in Whalers zone.
17:46 of 1st period - Slapshot by Johnny Gaudreau.
17:46 of 1st period - Shot Misses the Net.
18:20 of 1st period - Slapshot by Shane Pinto.
18:20 of 1st period - Goal by Shane Pinto - Islanders : 0 - Whalers : 1.
18:21 of 1st period - Brock Nelson wins face-off versus Drake Batherson in neutral zone.
18:28 of 1st period - Snap shot by Frank Vatrano.
18:28 of 1st period - Shot Misses the Net.
19:21 of 1st period - Snap shot by Oskar Sundqvist.
19:21 of 1st period - Stopped by Scott Wedgewood without a rebound.
19:22 of 1st period - Jean-Gabriel Pageau wins face-off versus Drake Batherson in Islanders zone.
19:27 of 1st period - Jacob Middleton is hit by Rickard Rakell.
19:31 of 1st period - Slapshot by Timo Meier.
19:31 of 1st period - Shot Blocked by Rickard Rakell.
19:33 of 1st period - Slapshot by Jacob Middleton.
19:33 of 1st period - Stopped by Scott Wedgewood with a rebound.
19:37 of 1st period - Wrist shot by Drake Batherson.
19:37 of 1st period - Shot Misses the Net.
19:39 of 1st period - Slapshot by David Savard.
19:39 of 1st period - Shot Misses the Net.
Goals for this period are 0 for Islanders vs 1 for Whalers.
Shots for this period are 9 for Islanders vs 15 for Whalers.

2nd period


0:01 of 2nd period - Brock Nelson wins face-off versus Shane Pinto in neutral zone.
0:10 of 2nd period - Snap shot by Nick Schmaltz.
0:10 of 2nd period - Stopped by Jacob Markstrom without a rebound.
0:11 of 2nd period - Jordan Staal wins face-off versus Drake Batherson in Whalers zone.
0:22 of 2nd period - Snap shot by Jordan Staal.
0:22 of 2nd period - Shot Blocked by Vladimir Tarasenko.
0:33 of 2nd period - Icing by Drake Batherson.
0:34 of 2nd period - Jean-Gabriel Pageau wins face-off versus Pierre-edouard Bellemare in Whalers zone.
1:08 of 2nd period - Snap shot by Brock Nelson.
1:08 of 2nd period - Stopped by Jacob Markstrom with a rebound.
1:24 of 2nd period - Jason Zucker is hit by Jack McBain and loses puck.
1:45 of 2nd period - Drake Batherson is hit by Morgan Barron and loses puck.
2:06 of 2nd period - Slapshot by Justin Faulk.
2:06 of 2nd period - Stopped by Scott Wedgewood without a rebound.
2:07 of 2nd period - Jean-Gabriel Pageau wins face-off versus Reilly Smith in Islanders zone.
2:14 of 2nd period - Snap shot by Jean-Gabriel Pageau.
2:14 of 2nd period - Stopped by Jacob Markstrom without a rebound.
2:15 of 2nd period - Brock Nelson wins face-off versus Shane Pinto in Whalers zone.
2:16 of 2nd period - Wrist shot by Nick Schmaltz.
2:16 of 2nd period - Stopped by Jacob Markstrom with a rebound.
2:18 of 2nd period - Snap shot by Brock Nelson.
2:18 of 2nd period - Stopped by Jacob Markstrom without a rebound.
2:19 of 2nd period - Shane Pinto wins face-off versus Brock Nelson in Whalers zone.
2:52 of 2nd period - Wrist shot by Drake Batherson.
2:52 of 2nd period - Stopped by Scott Wedgewood without a rebound.
2:53 of 2nd period - Jordan Staal wins face-off versus Pierre-edouard Bellemare in Islanders zone.
2:58 of 2nd period - Slapshot by James van Riemsdyk.
2:58 of 2nd period - Goal by James van Riemsdyk - Islanders : 1 - Whalers : 1.
2:59 of 2nd period - Pierre-edouard Bellemare wins face-off versus Brock Nelson in neutral zone.
3:24 of 2nd period - Jacob Middleton is hit by Rickard Rakell and loses puck.
3:53 of 2nd period - Jack McBain is hit by Jason Zucker and loses puck.
4:24 of 2nd period - Off-side.
4:25 of 2nd period - Shane Pinto wins face-off versus Brock Nelson in neutral zone.
5:00 of 2nd period - Slapshot by James van Riemsdyk.
5:00 of 2nd period - Stopped by Jacob Markstrom without a rebound.
5:01 of 2nd period - Jean-Gabriel Pageau wins face-off versus Drake Batherson in Whalers zone.
5:16 of 2nd period - Snap shot by Rickard Rakell.
5:16 of 2nd period - Stopped by Jacob Markstrom without a rebound.
5:17 of 2nd period - Pierre-edouard Bellemare wins face-off versus Jordan Staal in Whalers zone.
5:17 of 2nd period - Pierre-edouard Bellemare is hit by Jason Zucker.
5:43 of 2nd period - Brady Skjei is hit by Justin Faulk and loses puck.
6:12 of 2nd period - Wrist shot by Reilly Smith.
6:12 of 2nd period - Shot Misses the Net.
6:20 of 2nd period - Jack McBain is hit by William Borgen and loses puck.
6:33 of 2nd period - Icing by Jason Dickinson.
6:34 of 2nd period - Jason Dickinson wins face-off versus Oskar Sundqvist in Islanders zone.
6:44 of 2nd period - Max Pacioretty is hit by Jason Dickinson and loses puck.
6:49 of 2nd period - Wrist shot by Jesper Fast.
6:49 of 2nd period - Stopped by Jacob Markstrom without a rebound.
6:50 of 2nd period - Jean-Gabriel Pageau wins face-off versus Drake Batherson in Whalers zone.
6:57 of 2nd period - Snap shot by Rickard Rakell.
6:57 of 2nd period - Stopped by Jacob Markstrom without a rebound.
6:58 of 2nd period - Jean-Gabriel Pageau wins face-off versus Drake Batherson in Whalers zone.
7:03 of 2nd period - Slapshot by Johnny Gaudreau.
7:03 of 2nd period - Stopped by Jacob Markstrom without a rebound.
7:04 of 2nd period - Jordan Staal wins face-off versus Drake Batherson in Whalers zone.
7:05 of 2nd period - Snap shot by James van Riemsdyk.
7:05 of 2nd period - Deflect By Jason Zucker.
7:05 of 2nd period - Shot Misses the Net.
7:05 of 2nd period - Puck is out of play.
7:06 of 2nd period - Jordan Staal wins face-off versus Drake Batherson in Whalers zone.
7:13 of 2nd period - Snap shot by James van Riemsdyk.
7:13 of 2nd period - Shot Blocked by Drake Batherson.
7:15 of 2nd period - Snap shot by Jason Zucker.
7:15 of 2nd period - Shot Misses the Net.
7:17 of 2nd period - Slapshot by Jordan Staal.
7:17 of 2nd period - Deflect By Jason Zucker.
7:17 of 2nd period - Shot Misses the Net.
7:17 of 2nd period - Puck is out of play.
7:18 of 2nd period - Nick Schmaltz wins face-off versus Shane Pinto in Whalers zone.
7:28 of 2nd period - Minor Penalty to Jacob Middleton for Hooking.
7:29 of 2nd period - Brock Nelson wins face-off versus Pierre-edouard Bellemare in Whalers zone.
7:33 of 2nd period - Slapshot by Nick Schmaltz.
7:33 of 2nd period - Deflect By Frank Vatrano.
7:33 of 2nd period - Shot Misses the Net.
7:33 of 2nd period - Puck is out of play.
7:34 of 2nd period - Pierre-edouard Bellemare wins face-off versus Brock Nelson in Whalers zone.
8:05 of 2nd period - Snap shot by Pierre-edouard Bellemare.
8:05 of 2nd period - Stopped by Scott Wedgewood with a rebound.
8:17 of 2nd period - Wrist shot by Nick Schmaltz.
8:17 of 2nd period - Stopped by Jacob Markstrom with a rebound.
8:19 of 2nd period - Snap shot by Brady Skjei.
8:19 of 2nd period - Deflect By Ty Dellandrea.
8:19 of 2nd period - Goal by Brady Skjei - Islanders : 2 - Whalers : 1.
8:20 of 2nd period - Jean-Gabriel Pageau wins face-off versus Drake Batherson in neutral zone.
9:06 of 2nd period - Wrist shot by Justin Faulk.
9:06 of 2nd period - Stopped by Scott Wedgewood without a rebound.
9:07 of 2nd period - Brock Nelson wins face-off versus Trevor Lewis in Islanders zone.
9:16 of 2nd period - Wrist shot by Jack McBain.
9:16 of 2nd period - Deflect By Trevor Lewis.
9:16 of 2nd period - Stopped by Scott Wedgewood with a rebound.
9:18 of 2nd period - Snap shot by Ty Dellandrea.
9:18 of 2nd period - Shot Misses the Net.
9:20 of 2nd period - Wrist shot by Jack McBain.
9:20 of 2nd period - Stopped by Scott Wedgewood with a rebound.
9:22 of 2nd period - Snap shot by Ty Dellandrea.
9:22 of 2nd period - Shot Blocked by Ian Cole.
10:13 of 2nd period - Wrist shot by Johnny Gaudreau.
10:13 of 2nd period - Stopped by Jacob Markstrom with a rebound.
10:24 of 2nd period - Minor Penalty to Jean-Gabriel Pageau for Boarding.
10:25 of 2nd period - Drake Batherson wins face-off versus Jason Dickinson in Islanders zone.
10:34 of 2nd period - Off-side.
10:35 of 2nd period - Drake Batherson wins face-off versus Jason Dickinson in neutral zone.
10:46 of 2nd period - Wrist shot by Morgan Barron.
10:46 of 2nd period - Shot Blocked by Drake Batherson.
10:48 of 2nd period - Slapshot by William Borgen.
10:48 of 2nd period - Stopped by Jacob Markstrom without a rebound.
10:49 of 2nd period - Shane Pinto wins face-off versus Jason Dickinson in Whalers zone.
11:33 of 2nd period - Icing by Scott Mayfield.
11:34 of 2nd period - Jason Dickinson wins face-off versus Drake Batherson in Whalers zone.
11:53 of 2nd period - Slapshot by Bryan Rust.
11:53 of 2nd period - Stopped by Scott Wedgewood with a rebound.
12:24 of 2nd period - Penalty to Jean-Gabriel Pageau is over, Jean-Gabriel Pageau is back on ice.
14:11 of 2nd period - Snap shot by Timo Meier.
14:11 of 2nd period - Goal by Timo Meier - Islanders : 2 - Whalers : 2.
14:12 of 2nd period - Shane Pinto wins face-off versus Brock Nelson in neutral zone.
14:15 of 2nd period - Wrist shot by Reilly Smith.
14:15 of 2nd period - Shot Blocked by William Borgen.
14:23 of 2nd period - Snap shot by Frank Vatrano.
14:23 of 2nd period - Stopped by Jacob Markstrom with a rebound.
14:25 of 2nd period - Slapshot by William Borgen.
14:25 of 2nd period - Shot Misses the Net.
15:00 of 2nd period - Snap shot by Jesper Fast.
15:00 of 2nd period - Stopped by Jacob Markstrom with a rebound.
15:06 of 2nd period - Alexandre Carrier is hit by Timo Meier and loses puck.
16:07 of 2nd period - Snap shot by Nick Schmaltz.
16:07 of 2nd period - Deflect By Brock Nelson.
16:07 of 2nd period - Shot Blocked by David Savard.
16:07 of 2nd period - Puck is out of play.
16:08 of 2nd period - Jordan Staal wins face-off versus Shane Pinto in Whalers zone.
16:09 of 2nd period - Wrist shot by James van Riemsdyk.
16:09 of 2nd period - Shot Blocked by Scott Mayfield.
16:35 of 2nd period - Timo Meier is hit by Brock Nelson and loses puck.
17:02 of 2nd period - Snap shot by Justin Faulk.
17:02 of 2nd period - Stopped by Scott Wedgewood with a rebound.
17:24 of 2nd period - Justin Faulk is hit by Alexandre Carrier and loses puck.
17:35 of 2nd period - Jack McBain is hit by Frank Vatrano and loses puck.
17:56 of 2nd period - Wrist shot by Johnny Gaudreau.
17:56 of 2nd period - Shot Blocked by Jacob Middleton.
18:02 of 2nd period - Slapshot by Jean-Gabriel Pageau.
18:02 of 2nd period - Deflect By Vladimir Tarasenko.
18:02 of 2nd period - Stopped by Jacob Markstrom without a rebound.
18:03 of 2nd period - Brock Nelson wins face-off versus Bryan Rust in Whalers zone.
18:06 of 2nd period - Snap shot by Nick Schmaltz.
18:06 of 2nd period - Shot Misses the Net.
18:57 of 2nd period - Jordan Staal is hit by Pierre-edouard Bellemare and loses puck.
19:28 of 2nd period - Brock Nelson is hit by Reilly Smith and loses puck.
19:45 of 2nd period - Josh Mahura is hit by Brock Nelson and loses puck.
19:54 of 2nd period - Snap shot by Reilly Smith.
19:54 of 2nd period - Stopped by Scott Wedgewood without a rebound.
19:55 of 2nd period - Drake Batherson wins face-off versus Jean-Gabriel Pageau in Islanders zone.
19:56 of 2nd period - Snap shot by Timo Meier.
19:56 of 2nd period - Shot Blocked by Rickard Rakell.
19:58 of 2nd period - Snap shot by Vladimir Tarasenko.
19:58 of 2nd period - Stopped by Scott Wedgewood without a rebound.
19:59 of 2nd period - Jean-Gabriel Pageau wins face-off versus Drake Batherson in Islanders zone.
Goals for this period are 2 for Islanders vs 1 for Whalers.
Shots for this period are 18 for Islanders vs 11 for Whalers.

3rd period


0:01 of 3rd period - Drake Batherson wins face-off versus Jean-Gabriel Pageau in neutral zone.
0:26 of 3rd period - Jason Zucker is hit by Bryan Rust and loses puck.
0:33 of 3rd period - Wrist shot by Shane Pinto.
0:33 of 3rd period - Stopped by Scott Wedgewood without a rebound.
0:34 of 3rd period - Shane Pinto wins face-off versus Brock Nelson in Islanders zone.
0:35 of 3rd period - Snap shot by Reilly Smith.
0:35 of 3rd period - Shot Misses the Net.
0:41 of 3rd period - Snap shot by Bryan Rust.
0:41 of 3rd period - Deflect By Shane Pinto.
0:41 of 3rd period - Stopped by Scott Wedgewood with a rebound.
1:01 of 3rd period - Timo Meier is hit by Jason Zucker and loses puck.
1:08 of 3rd period - Snap shot by Jason Zucker.
1:08 of 3rd period - Deflect By James van Riemsdyk.
1:08 of 3rd period - Shot Misses the Net.
1:08 of 3rd period - Puck is out of play.
1:09 of 3rd period - Bryan Rust wins face-off versus Jean-Gabriel Pageau in Whalers zone.
1:22 of 3rd period - Slapshot by Reilly Smith.
1:22 of 3rd period - Stopped by Scott Wedgewood with a rebound.
1:54 of 3rd period - David Savard is hit by Frank Vatrano and loses puck.
2:17 of 3rd period - Snap shot by Drake Batherson.
2:17 of 3rd period - Shot Misses the Net.
2:23 of 3rd period - Snap shot by Drake Batherson.
2:23 of 3rd period - Shot Blocked by Brent Burns.
2:25 of 3rd period - Slapshot by Drake Batherson.
2:25 of 3rd period - Stopped by Scott Wedgewood without a rebound.
2:26 of 3rd period - Jean-Gabriel Pageau wins face-off versus Shane Pinto in Islanders zone.
2:59 of 3rd period - Wrist shot by Jesper Fast.
2:59 of 3rd period - Stopped by Jacob Markstrom with a rebound.
4:40 of 3rd period - Jean-Gabriel Pageau is hit by Jacob Middleton and loses puck.
6:05 of 3rd period - Wrist shot by Jordan Staal.
6:05 of 3rd period - Deflect By James van Riemsdyk.
6:05 of 3rd period - Stopped by Jacob Markstrom without a rebound.
6:06 of 3rd period - Jean-Gabriel Pageau wins face-off versus Pierre-edouard Bellemare in Whalers zone.
6:09 of 3rd period - Snap shot by Rickard Rakell.
6:09 of 3rd period - Shot Misses the Net.
6:19 of 3rd period - Snap shot by Oskar Sundqvist.
6:19 of 3rd period - Goal by Oskar Sundqvist - Islanders : 2 - Whalers : 3.
6:20 of 3rd period - Drake Batherson wins face-off versus Jean-Gabriel Pageau in neutral zone.
6:35 of 3rd period - Snap shot by Rickard Rakell.
6:35 of 3rd period - Stopped by Jacob Markstrom without a rebound.
6:36 of 3rd period - Shane Pinto wins face-off versus Jordan Staal in Whalers zone.
6:36 of 3rd period - Shane Pinto is hit by James van Riemsdyk.
7:13 of 3rd period - Wrist shot by Drake Batherson.
7:13 of 3rd period - Shot Misses the Net.
7:29 of 3rd period - Jean-Gabriel Pageau is hit by Josh Mahura and loses puck.
8:01 of 3rd period - Snap shot by Bryan Rust.
8:01 of 3rd period - Shot Blocked by Brady Skjei.
9:04 of 3rd period - Snap shot by Ty Dellandrea.
9:04 of 3rd period - Stopped by Scott Wedgewood with a rebound.
9:06 of 3rd period - Snap shot by Jack McBain.
9:06 of 3rd period - Shot Misses the Net.
9:08 of 3rd period - Slapshot by Josh Mahura.
9:08 of 3rd period - Stopped by Scott Wedgewood without a rebound.
9:09 of 3rd period - Brock Nelson wins face-off versus Jack McBain in Islanders zone.
9:22 of 3rd period - Snap shot by Jack McBain.
9:22 of 3rd period - Stopped by Scott Wedgewood with a rebound.
9:42 of 3rd period - Brent Burns is hit by Josh Mahura and loses puck.
9:55 of 3rd period - Snap shot by Trevor Lewis.
9:55 of 3rd period - Shot Misses the Net.
9:57 of 3rd period - Slapshot by Trevor Lewis.
9:57 of 3rd period - Shot Misses the Net.
9:59 of 3rd period - Slapshot by Sean Walker.
9:59 of 3rd period - Stopped by Scott Wedgewood with a rebound.
10:01 of 3rd period - Wrist shot by Trevor Lewis.
10:01 of 3rd period - Stopped by Scott Wedgewood without a rebound.
10:02 of 3rd period - Shane Pinto wins face-off versus Jean-Gabriel Pageau in Islanders zone.
10:05 of 3rd period - Slapshot by Bryan Rust.
10:05 of 3rd period - Stopped by Scott Wedgewood without a rebound.
10:06 of 3rd period - Shane Pinto wins face-off versus Jean-Gabriel Pageau in Islanders zone.
10:11 of 3rd period - Wrist shot by Reilly Smith.
10:11 of 3rd period - Stopped by Scott Wedgewood without a rebound.
10:12 of 3rd period - Jean-Gabriel Pageau wins face-off versus Shane Pinto in Islanders zone.
10:33 of 3rd period - Snap shot by Shane Pinto.
10:33 of 3rd period - Stopped by Scott Wedgewood with a rebound.
10:45 of 3rd period - Snap shot by Bryan Rust.
10:45 of 3rd period - Stopped by Scott Wedgewood without a rebound.
10:46 of 3rd period - Brock Nelson wins face-off versus Drake Batherson in Islanders zone.
10:53 of 3rd period - Frank Vatrano is hit by David Savard and loses puck.
11:23 of 3rd period - Off-side.
11:24 of 3rd period - Jean-Gabriel Pageau wins face-off versus Vladimir Tarasenko in neutral zone.
11:34 of 3rd period - Snap shot by Timo Meier.
11:34 of 3rd period - Deflect By Drake Batherson.
11:34 of 3rd period - Stopped by Scott Wedgewood with a rebound.
11:36 of 3rd period - Snap shot by Drake Batherson.
11:36 of 3rd period - Stopped by Scott Wedgewood without a rebound.
11:37 of 3rd period - Brock Nelson wins face-off versus Drake Batherson in Islanders zone.
11:42 of 3rd period - Slapshot by Joel Edmundson.
11:42 of 3rd period - Stopped by Jacob Markstrom without a rebound.
11:43 of 3rd period - Drake Batherson wins face-off versus Brock Nelson in Whalers zone.
12:00 of 3rd period - Snap shot by Timo Meier.
12:00 of 3rd period - Stopped by Scott Wedgewood with a rebound.
12:30 of 3rd period - Jason Zucker is hit by David Savard and loses puck.
12:46 of 3rd period - Icing by Alexandre Carrier.
12:47 of 3rd period - Jordan Staal wins face-off versus Drake Batherson in Islanders zone.
13:14 of 3rd period - Johnny Gaudreau is hit by Shane Pinto and loses puck.
13:36 of 3rd period - Icing by Jacob Middleton.
13:37 of 3rd period - Brock Nelson wins face-off versus Max Pacioretty in Whalers zone.
13:38 of 3rd period - Wrist shot by Nick Schmaltz.
13:38 of 3rd period - Stopped by Jacob Markstrom without a rebound.
13:39 of 3rd period - Brock Nelson wins face-off versus Timo Meier in Whalers zone.
14:02 of 3rd period - Minor Penalty to Frank Vatrano for Boarding.
14:03 of 3rd period - Shane Pinto wins face-off versus Jason Dickinson in Islanders zone.
14:10 of 3rd period - Slapshot by Shane Pinto.
14:10 of 3rd period - Stopped by Scott Wedgewood with a rebound.
14:12 of 3rd period - Slapshot by Shane Pinto.
14:12 of 3rd period - Shot Misses the Net.
14:14 of 3rd period - Slapshot by Jacob Middleton.
14:14 of 3rd period - Shot Misses the Net.
14:16 of 3rd period - Slapshot by Jacob Middleton.
14:16 of 3rd period - Stopped by Scott Wedgewood with a rebound.
14:18 of 3rd period - Wrist shot by Shane Pinto.
14:18 of 3rd period - Shot Blocked by William Borgen.
15:07 of 3rd period - Slapshot by Brent Burns.
15:07 of 3rd period - Stopped by Jacob Markstrom with a rebound.
15:33 of 3rd period - Nick Schmaltz is hit by Justin Faulk and loses puck.
16:02 of 3rd period - Penalty to Frank Vatrano is over, Frank Vatrano is back on ice.
16:08 of 3rd period - Wrist shot by Jordan Staal.
16:08 of 3rd period - Shot Blocked by Pierre-edouard Bellemare.
16:35 of 3rd period - Icing by William Borgen.
16:36 of 3rd period - Brock Nelson wins face-off versus Pierre-edouard Bellemare in Islanders zone.
17:17 of 3rd period - Justin Faulk is hit by Morgan Barron and loses puck.
17:21 of 3rd period - Icing by Justin Faulk.
17:22 of 3rd period - Jordan Staal wins face-off versus Drake Batherson in Whalers zone.
17:23 of 3rd period - Slapshot by James van Riemsdyk.
17:23 of 3rd period - Shot Blocked by Drake Batherson.
17:50 of 3rd period - Wrist shot by Oskar Sundqvist.
17:50 of 3rd period - Stopped by Scott Wedgewood without a rebound.
17:51 of 3rd period - Jean-Gabriel Pageau wins face-off versus Pierre-edouard Bellemare in Islanders zone.
18:53 of 3rd period - Jean-Gabriel Pageau is hit by Jacob Middleton and loses puck.
19:04 of 3rd period - Snap shot by Oskar Sundqvist.
19:04 of 3rd period - Stopped by Scott Wedgewood with a rebound.
19:26 of 3rd period - Pierre-edouard Bellemare is hit by Jean-Gabriel Pageau and loses puck.
19:29 of 3rd period - Islanders, Scott Wedgewood is pulled from the net.
19:35 of 3rd period - Slapshot by Johnny Gaudreau.
19:35 of 3rd period - Stopped by Jacob Markstrom without a rebound.
19:36 of 3rd period - Dave Hakstol call a timeout for Islanders.
19:36 of 3rd period - Brock Nelson wins face-off versus Timo Meier in Whalers zone.
19:51 of 3rd period - Snap shot by Ty Dellandrea.
19:51 of 3rd period - Shot Misses the Net.
19:53 of 3rd period - Wrist shot by Sean Walker.
19:53 of 3rd period - Shot Hit the Post.
19:55 of 3rd period - Slapshot by Ty Dellandrea.
19:55 of 3rd period - Shot Misses the Net.
19:57 of 3rd period - Wrist shot by Reilly Smith.
19:57 of 3rd period - Shot Hit the Post.
19:59 of 3rd period - Wrist shot by Scott Mayfield.
19:59 of 3rd period - Goal by Scott Mayfield - Islanders : 2 - Whalers : 4.
19:59 of 3rd period - Scott Wedgewood from Islanders was sent back in the game.
Goals for this period are 0 for Islanders vs 2 for Whalers.
Shots for this period are 7 for Islanders vs 22 for Whalers.




Output by the SimonT Hockey Simulator (STHS) for Eric Tremblay - Original Page W3C HTML5 Valid
Hockey Simulator - Hockey Simulation - Hockey Manager